Harfangs vs Diablos (R2)

Created - November 14, 2020 at 20:15

Goals
1 2 3 T
Harfangs 0 1 1 2
Diablos 1 3 0 4
Shots
1 2 3 T
Harfangs 9 12 10 31
Diablos 10 16 8 34

1st period

1. Diablos , Tyler Pitlick 6 (Corey Trivino 6, Jack Glover 1) at 8:28

Penalties :
Andrey Pedan (Don) for Slashing (Minor) at 0:36, Lucas Wallmarkk (BEA) for Hooking (Minor) at 9:35, Tyler Pitlick (Don) for Holding (Minor) at 14:41

2nd period

2. Diablos , Adam Gaudette 1 (Corey Tropp 7, Andrei Mironov 1) at 3:40
3. Diablos , Peter Holland 8 (Andrei Mironov 2, Danton Heinen 12) at 6:56
4. Diablos , Dominic Turgeon 3 (Jakub Vrana 1, Ty Rattie 1) at 16:21
5. Harfangs , Tomas Kubalik 6 (Tyler Brenner 8, Michael Bournival 10) at 19:38 (PP)

Penalties :
Andrey Pedan (Don) for Roughing (Minor) at 0:47, Andrey Pedan (Don) for Hooking (Minor) at 7:11, Michael Bournival (BEA) for Roughing (Minor) at 7:19, Victor Bartley (BEA) for Hooking (Minor) at 9:43, Jack Glover (Don) for Hooking (Minor) at 13:40, Adrian Kempe (Don) for Roughing (Minor) at 19:31

3rd period

6. Harfangs , Michael Bournival 5 (Tomas Kubalik 5, Rinat Valiev 3) at 19:53 (PP)

Penalties :
Jiri Sekac (Don) for Roughing (Minor) at 0:34, Rinat Valiev (BEA) for Elbowing (Minor) at 1:32, Tomas Kubalik (BEA) for Hooking (Minor) at 3:24, Corey Tropp (Don) for Hooking (Minor) at 5:38, Michael Bournival (BEA) for Holding (Minor) at 8:16, Jakub Vrana (Don) for Interference (Minor) at 19:43

Goalie Stats

Ilya Sorokin (BEA), 30 saves from 34 shots - (0.882), L, 6-3-2, 60:00 minutes
Joni Ortio (Don), 29 saves from 31 shots - (0.935), W, 6-1-1, 60:00 minutes

Players Stats for Harfangs

Player Name              G  A  P  +/- PIM S  H  SB GA TA FO     MP     PP MP  PK MP  
------------------------------------------------------------------------------------
Blake Heinrich           0  0  0  -1  0   1  0  1  0  0  0/0     4:42   0:00   0:00 
Brandon McMillan         0  0  0  -1  0   3  0  0  0  0  0/0    16:53   4:22   1:44 
Brendan Leipsic          0  0  0   0  0   0  0  0  0  0  0/0     1:46   0:15   0:13 
Brenden Kichton          0  0  0  -1  0   0  0  1  0  1  0/0     4:42   0:00   0:00 
Cristoval Nieves         0  0  0  -2  0   0  1  0  0  0  0/4    11:39   0:00   1:17 
David Kampf              0  0  0   0  0   0  0  0  0  0  0/2     3:29   0:15   0:15 
Devon Teows              0  0  0   0  0   0  0  0  0  0  0/0     4:05   0:00   3:19 
Dylan Olsen              0  0  0  -1  0   3  3  3  1  0  0/0    27:49   6:26   4:48 
Erik Nystrom             0  0  0   0  0   0  0  0  0  0  0/0     6:07   0:00   0:00 
Ivan Provorov            0  0  0  -1  0   0  0  0  0  0  0/0     7:45   0:23   0:00 
Jake Dotchin             0  0  0  -1  0   2  1  2  0  1  0/0    20:07   4:52   4:07 
Laurent Dauphin          0  0  0   0  0   0  0  0  0  0  1/3     3:32   0:00   2:30 
Lucas Wallmarkk          0  0  0   0  2   0  0  0  0  0  3/4     6:24   0:00   0:00 
Mark Alt                 0  0  0  -1  0   0  0  0  0  0  0/0     8:38   0:00   1:16 
Michael Bournival        1  1  2  -1  4   5  3  0  0  0  4/10   24:55   6:40   3:47 
Morgan Klimchuk          0  0  0  -2  0   2  0  0  1  0  0/0    12:44   0:00   1:40 
Nick Shore               0  0  0  -1  0   1  1  0  0  2  10/16  14:55   4:22   0:00 
Reid McNeill             0  0  0  -1  0   0  1  2  0  0  0/0     9:03   2:08   0:45 
Rinat Valiev             0  1  1   0  2   0  0  0  0  0  0/0     7:17   2:20   0:13 
Ryan Hartman             0  0  0  -1  0   3  0  1  1  0  0/0    14:55   4:22   0:00 
Sven Andrighetto         0  0  0  -2  0   0  1  0  1  0  0/0    10:31   0:04   0:00 
Tomas Kubalik            1  1  2  -1  2   5  2  0  2  1  0/1    22:14   6:52   4:19 
Tyler Brenner            0  1  1  -1  0   5  0  0  0  1  12/30  17:25   6:41   1:44 
Victor Bartley           0  0  0  -1  2   1  3  1  2  0  0/0    26:23   6:26   3:35 

Players Stats for Diablos

Player Name              G  A  P  +/- PIM S  H  SB GA TA FO     MP     PP MP  PK MP  
------------------------------------------------------------------------------------
Adam Gaudette            1  0  1   1  0   1  0  0  0  1  3/8     9:59   0:50   0:48 
Adrian Kempe             0  0  0   1  2   3  1  1  2  0  2/2    17:57   4:29   0:00 
Andrei Mironov           0  2  2   2  0   2  0  0  0  1  0/0    17:10   3:39   0:21 
Andrey Pedan             0  0  0   2  6   1  0  0  0  0  0/0    12:40   0:03   0:33 
Brian Dumoulin           0  0  0   1  0   1  1  2  0  1  0/0    28:15   5:16   3:54 
Corey Trivino            0  1  1   1  0   0  3  1  0  0  12/29  21:04   3:34   6:43 
Corey Tropp              0  1  1   1  2   2  1  0  0  0  0/0     9:21   0:00   1:25 
Danton Heinen            0  1  1   1  0   3  0  0  0  0  0/0    17:19   4:45   0:00 
Dean Kukan               0  0  0   1  0   0  0  3  0  2  0/0    15:41   0:00   7:25 
Dominic Turgeon          1  0  1   1  0   1  0  0  0  0  0/2     6:31   0:00   0:00 
Jack Glover              0  1  1   2  2   0  3  0  0  1  0/0    15:06   3:39   3:10 
Jakub Vrana              0  1  1   1  2   2  0  0  0  0  0/0     6:30   0:00   0:00 
Jiri Sekac               0  0  0   1  2   3  4  1  0  0  0/0    16:07   3:38   1:32 
Peter Holland            1  0  1   1  0   4  2  0  0  0  22/28  21:36   4:31   3:08 
Sergey Tolchinsky        0  0  0   1  0   2  1  0  1  1  0/0    11:59   0:45   3:16 
Ty Rattie                0  1  1   1  0   1  0  0  0  1  0/0     7:30   1:02   0:00 
Tyler Pitlick            1  0  1   1  2   6  1  0  0  0  1/1    19:37   3:08   5:44 
Viktor Loov              0  0  0   0  0   2  1  4  3  0  0/0    31:19   5:16   7:13 

3 Stars

1 - Peter Holland (Don)
2 - Andrei Mironov (Don)
3 - Dominic Turgeon (Don)

Power Play

Harfangs - 2 on 9 Attempt(s) - 22.22%
Diablos - 0 on 6 Attempt(s) - 0.00%

Penalty Kill

Harfangs - 6 on 6 Attempt(s) - 100.00% - Score 0 goal in Penalty Kill
Diablos - 7 on 9 Attempt(s) - 77.78% - Score 0 goal in Penalty Kill

Team Stat

Harfangs - Hits : 16 - Faceoff Wins : 30 - Blocked Shots : 11 - Penalty Minutes : 12
Diablos - Hits : 18 - Faceoff Wins : 40 - Blocked Shots : 12 - Penalty Minutes : 18

Official

Referees : Unknown
Linesman : Unknown

Game Notes

Reid McNeill is injured at 9:25 of 2nd period (Right Leg)

Finance

Level 1 -- Attendance: 1900 (95.00%) -- Ticket Income $38,000
Level 2 -- Attendance: 1000 (100.00%) -- Ticket Income $13,000
Total Attendance: 2900 (96.67%)
Total Ticket Income: $51,000
Other Income: $2,550
Total Income: $53,550

Harfangs

5 vs 5 Forward 
   Center                   Left Wing                Right Wing               Time % Phy DF OF 
 1 Tyler Brenner            Michael Bournival        Tomas Kubalik            40     1   2  2  
 2 Nick Shore               Brandon McMillan         Ryan Hartman             30     1   2  2  
 3 Cristoval Nieves         Morgan Klimchuk          Sven Andrighetto         20     1   2  2  
 4 Lucas Wallmarkk          Erik Nystrom             Michael Bournival        10     1   2  2  

5 vs 5 Defense 
   Defense                  Defense                                           Time % Phy DF OF 
 1 Dylan Olsen              Victor Bartley                                    40     1   2  2  
 2 Reid McNeill             Jake Dotchin                                      30     1   2  2  
 3 Mark Alt                 Ivan Provorov                                     20     1   2  2  
 4 Brenden Kichton          Blake Heinrich                                    10     1   2  2  

PowerPlay Forward 
   Center                   Left Wing                Right Wing               Time % Phy DF OF 
 1 Tyler Brenner            Michael Bournival        Tomas Kubalik            60     1   2  2  
 2 Nick Shore               Brandon McMillan         Ryan Hartman             40     1   2  2  

PowerPlay Defense
   Defense                  Defense                                           Time % Phy DF OF 
 1 Dylan Olsen              Victor Bartley                                    60     1   2  2  
 2 Reid McNeill             Jake Dotchin                                      40     1   2  2  

Penalty Kill 4 Players Forward 
   Center                   Wing                     Time % Phy DF OF 
 1 Michael Bournival        Tomas Kubalik            60     1   2  2  
 2 Tyler Brenner            Brandon McMillan         40     1   2  2  

Penalty Kill 4 Players Defense
   Defense                  Defense                  Time % Phy DF OF 
 1 Dylan Olsen              Victor Bartley           60     1   2  2  
 2 Reid McNeill             Jake Dotchin             40     1   2  2  

Penalty Kill - 3 Players Forward 
   Forward                                           Time % Phy DF OF 
 1 Michael Bournival                                 60     1   2  2  
 2 Tomas Kubalik                                     40     1   2  2  

Penalty Kill - 3 Players Defense
   Defense                  Defense                  Time % Phy DF OF 
 1 Dylan Olsen              Victor Bartley           60     1   2  2  
 2 Reid McNeill             Jake Dotchin             40     1   2  2  

4 vs 4 Forward 
   Center                   Wing                     Time % Phy DF OF 
 1 Michael Bournival        Tomas Kubalik            60     1   2  2  
 2 Tyler Brenner            Brandon McMillan         40     1   2  2  

4 vs 4 Defense
   Defense                  Defense                  Time % Phy DF OF 
 1 Dylan Olsen              Victor Bartley           60     1   2  2  
 2 Reid McNeill             Jake Dotchin             40     1   2  2  

Last Minutes Offensive
   Center                   Left Wing                Right Wing               Defense                  Defense                  
   Tyler Brenner            Michael Bournival        Tomas Kubalik            Dylan Olsen              Victor Bartley           

Last Minutes Defensive
   Center                   Left Wing                Right Wing               Defense                  Defense                  
   Tyler Brenner            Michael Bournival        Tomas Kubalik            Dylan Olsen              Victor Bartley           

Goaltenders
Starting : Ilya Sorokin             
Backup : Anton Forsberg           

Extra Forwards
Normal : David Kampf, Brendan Leipsic, Laurent Dauphin - PP : David Kampf, Brendan Leipsic - PK : Laurent Dauphin
Extra Defensemen
Normal : Rinat Valiev, Devon Teows, Mark Alt - PP : Rinat Valiev - PK : Devon Teows, Mark Alt
Penalty Shots
Michael Bournival, Tomas Kubalik, Tyler Brenner, Brandon McMillan, Ryan Hartman

Scratches
Tyler Randell (Broken Bone (Right Leg) Injury), Calle Jarnkrok (Torn Right ACL Injury), A.J. Greer (Healthy), JC Lipon (Healthy), Cooper Marody (Healthy)
Nick Sorensen (Healthy), Justin Kirkland (Healthy), Anthony Angello (Healthy), Jason Kasdorf (Healthy), Scott Wedgewood (Healthy)
Zachary Fucale (Healthy)

Diablos

5 vs 5 Forward 
   Center                   Left Wing                Right Wing               Time % Phy DF OF 
 1 Peter Holland            Adrian Kempe             Danton Heinen            45     0   2  3  
 2 Corey Trivino            Jiri Sekac               Tyler Pitlick            30     0   2  3  
 3 Adam Gaudette            Sergey Tolchinsky        Corey Tropp              15     0   2  3  
 4 Dominic Turgeon          Jakub Vrana              Ty Rattie                10     0   3  2  

5 vs 5 Defense 
   Defense                  Defense                                           Time % Phy DF OF 
 1 Viktor Loov              Brian Dumoulin                                    40     0   3  2  
 2 Andrey Pedan             Andrei Mironov                                    30     0   3  2  
 3 Dean Kukan               Jack Glover                                       20     0   4  1  
 4 Viktor Loov              Brian Dumoulin                                    10     0   3  2  

PowerPlay Forward 
   Center                   Left Wing                Right Wing               Time % Phy DF OF 
 1 Peter Holland            Adrian Kempe             Danton Heinen            60     0   0  5  
 2 Corey Trivino            Jiri Sekac               Tyler Pitlick            40     0   0  5  

PowerPlay Defense
   Defense                  Defense                                           Time % Phy DF OF 
 1 Brian Dumoulin           Viktor Loov                                       60     0   1  4  
 2 Andrei Mironov           Jack Glover                                       40     0   1  4  

Penalty Kill 4 Players Forward 
   Center                   Wing                     Time % Phy DF OF 
 1 Corey Trivino            Tyler Pitlick            60     1   4  0  
 2 Peter Holland            Sergey Tolchinsky        40     1   4  0  

Penalty Kill 4 Players Defense
   Defense                  Defense                  Time % Phy DF OF 
 1 Dean Kukan               Viktor Loov              60     1   4  0  
 2 Brian Dumoulin           Jack Glover              40     1   4  0  

Penalty Kill - 3 Players Forward 
   Forward                                           Time % Phy DF OF 
 1 Corey Trivino                                     60     0   5  0  
 2 Adam Gaudette                                     40     0   5  0  

Penalty Kill - 3 Players Defense
   Defense                  Defense                  Time % Phy DF OF 
 1 Dean Kukan               Viktor Loov              60     0   5  0  
 2 Jack Glover              Andrey Pedan             40     0   5  0  

4 vs 4 Forward 
   Center                   Wing                     Time % Phy DF OF 
 1 Peter Holland            Adrian Kempe             60     0   2  3  
 2 Corey Trivino            Danton Heinen            40     0   2  3  

4 vs 4 Defense
   Defense                  Defense                  Time % Phy DF OF 
 1 Viktor Loov              Brian Dumoulin           60     0   2  3  
 2 Andrei Mironov           Dean Kukan               40     0   2  3  

Last Minutes Offensive
   Center                   Left Wing                Right Wing               Defense                  Defense                  
   Peter Holland            Adrian Kempe             Danton Heinen            Brian Dumoulin           Viktor Loov              

Last Minutes Defensive
   Center                   Left Wing                Right Wing               Defense                  Defense                  
   Corey Trivino            Sergey Tolchinsky        Corey Tropp              Viktor Loov              Dean Kukan               

Goaltenders
Starting : Joni Ortio               
Backup : Jean-Francois Berube     

Extra Forwards
Normal : Adrian Kempe, Danton Heinen, Peter Holland - PP : Danton Heinen, Adrian Kempe - PK : Corey Tropp
Extra Defensemen
Normal : Brian Dumoulin, Viktor Loov, Andrei Mironov - PP : Brian Dumoulin - PK : Dean Kukan, Viktor Loov
Penalty Shots
Peter Holland, Adrian Kempe, Danton Heinen, Corey Trivino, Corey Tropp

Scratches
Mason Appleton (Healthy), Guillaume Brisebois (Healthy), Tyler Lewington (Healthy), Daniel Sprong (Healthy), Tobias Lindberg (Healthy)
Scott Glennie (Healthy), Alex Petrovic (Healthy), Charles Hudon (Healthy), Ryan MacInnis (Healthy)

% Time on Ice - Harfangs

Lines # - Real PCT - Wanted PCT - Time Play
Normal Forward
1 - 28% - 40% - 10:14
2 - 29% - 30% - 10:33
3 - 27% - 20% - 10:01
4 - 17% - 10% - 6:07
Normal Defense
1 - 40% - 40% - 14:45
2 - 27% - 30% - 10:06
3 - 20% - 20% - 7:22
4 - 13% - 10% - 4:42
PP Forward
1 - 61% - 60% - 6:56
2 - 39% - 40% - 4:22
PP Defense
1 - 57% - 60% - 6:26
2 - 43% - 40% - 4:52
PK Forward
1 - 80% - 60% - 7:04
2 - 20% - 40% - 1:44
PK Defense
1 - 53% - 60% - 4:41
2 - 47% - 40% - 4:07
PK3 Forward
1 - 100% - 60% - 0:07
2 - 0% - 40% - 0:00
PK3 Defense
1 - 100% - 60% - 0:07
2 - 0% - 40% - 0:00
44 Forward
1 - 92% - 60% - 2:38
2 - 8% - 40% - 0:14
44 Defense
1 - 64% - 60% - 1:50
2 - 36% - 40% - 1:02
Last Minute Offensive  - 0:00
Last Minute Defensive  - 0:00
Total
Forward - 60:00
Defense - 60:00

% Time on Ice - Diablos

Lines # - Real PCT - Wanted PCT - Time Play
Normal Forward
1 - 34% - 45% - 12:29
2 - 27% - 30% - 10:04
3 - 21% - 15% - 7:51
4 - 18% - 10% - 6:31
Normal Defense
1 - 44% - 40% - 16:21
2 - 35% - 30% - 12:53
3 - 20% - 20% - 7:20
4 - 1% - 10% - 0:21
PP Forward
1 - 60% - 60% - 5:21
2 - 40% - 40% - 3:34
PP Defense
1 - 59% - 60% - 5:16
2 - 41% - 40% - 3:39
PK Forward
1 - 72% - 60% - 8:11
2 - 28% - 40% - 3:07
PK Defense
1 - 62% - 60% - 7:03
2 - 38% - 40% - 4:15
PK3 Forward
1 - 0% - 60%
2 - 0% - 40%
PK3 Defense
1 - 0% - 60%
2 - 0% - 40%
44 Forward
1 - 81% - 60% - 2:19
2 - 19% - 40% - 0:33
44 Defense
1 - 77% - 60% - 2:12
2 - 23% - 40% - 0:40
Last Minute Offensive  - 0:00
Last Minute Defensive  - 0:00
Total
Forward - 60:00
Defense - 60:00

Play-by-Play

1st period


0:01 of 1st period - Peter Holland wins face-off versus Tyler Brenner in neutral zone.
0:14 of 1st period - Wrist shot by Tyler Brenner.
0:14 of 1st period - Stopped by Joni Ortio without a rebound.
0:15 of 1st period - Nick Shore wins face-off versus Corey Trivino in Diablos zone.
0:30 of 1st period - Snap shot by Brandon McMillan.
0:30 of 1st period - Shot Misses the Net.
0:36 of 1st period - Minor Penalty to Andrey Pedan for Slashing.
0:37 of 1st period - Tyler Brenner wins face-off versus Corey Trivino in Diablos zone.
1:09 of 1st period - Sergey Tolchinsky is hit by Victor Bartley and loses puck.
2:36 of 1st period - Penalty to Andrey Pedan is over, Andrey Pedan is back on ice.
2:57 of 1st period - Snap shot by Jakub Vrana.
2:57 of 1st period - Stopped by Ilya Sorokin with a rebound.
3:52 of 1st period - Morgan Klimchuk is hit by Viktor Loov and loses puck.
4:24 of 1st period - Nick Shore is hit by Corey Trivino and loses puck.
5:15 of 1st period - Snap shot by Tyler Brenner.
5:15 of 1st period - Stopped by Joni Ortio without a rebound.
5:16 of 1st period - Tyler Brenner wins face-off versus Adam Gaudette in Diablos zone.
5:44 of 1st period - Snap shot by Brandon McMillan.
5:44 of 1st period - Shot Misses the Net.
5:46 of 1st period - Snap shot by Dylan Olsen.
5:46 of 1st period - Shot Misses the Net.
5:48 of 1st period - Slapshot by Dylan Olsen.
5:48 of 1st period - Stopped by Joni Ortio without a rebound.
5:49 of 1st period - Nick Shore wins face-off versus Corey Trivino in Diablos zone.
6:16 of 1st period - Corey Trivino is hit by Cristoval Nieves and loses puck.
7:21 of 1st period - Mark Alt is hit by Tyler Pitlick and loses puck.
8:28 of 1st period - Snap shot by Tyler Pitlick.
8:28 of 1st period - Goal by Tyler Pitlick - Harfangs : 0 - Diablos : 1.
8:29 of 1st period - Adrian Kempe wins face-off versus Tyler Brenner in neutral zone.
8:44 of 1st period - Snap shot by Tomas Kubalik.
8:44 of 1st period - Shot Misses the Net.
9:30 of 1st period - Slapshot by Danton Heinen.
9:30 of 1st period - Stopped by Ilya Sorokin with a rebound.
9:35 of 1st period - Minor Penalty to Lucas Wallmarkk for Hooking.
9:36 of 1st period - Michael Bournival wins face-off versus Adam Gaudette in Harfangs zone.
9:48 of 1st period - Snap shot by Adam Gaudette.
9:48 of 1st period - Shot Misses the Net.
9:50 of 1st period - Snap shot by Andrei Mironov.
9:50 of 1st period - Stopped by Ilya Sorokin without a rebound.
9:51 of 1st period - Peter Holland wins face-off versus Michael Bournival in Harfangs zone.
10:01 of 1st period - Icing by Peter Holland.
10:02 of 1st period - Peter Holland wins face-off versus Michael Bournival in Diablos zone.
11:35 of 1st period - Penalty to Lucas Wallmarkk is over, Lucas Wallmarkk is back on ice.
11:56 of 1st period - Slapshot by Dylan Olsen.
11:56 of 1st period - Deflect By Morgan Klimchuk.
11:56 of 1st period - Stopped by Joni Ortio with a rebound.
12:24 of 1st period - Wrist shot by Ryan Hartman.
12:24 of 1st period - Stopped by Joni Ortio with a rebound.
12:26 of 1st period - Slapshot by Blake Heinrich.
12:26 of 1st period - Deflect By Brandon McMillan.
12:26 of 1st period - Stopped by Joni Ortio without a rebound.
12:27 of 1st period - Corey Trivino wins face-off versus Nick Shore in Diablos zone.
13:05 of 1st period - Snap shot by Tomas Kubalik.
13:05 of 1st period - Stopped by Joni Ortio without a rebound.
13:06 of 1st period - Peter Holland wins face-off versus Tyler Brenner in Diablos zone.
13:31 of 1st period - Corey Trivino is hit by Dylan Olsen and loses puck.
13:49 of 1st period - Off-side.
13:50 of 1st period - Adam Gaudette wins face-off versus Cristoval Nieves in neutral zone.
14:15 of 1st period - Brian Dumoulin is hit by Jake Dotchin.
14:20 of 1st period - Off-side.
14:21 of 1st period - Nick Shore wins face-off versus Peter Holland in neutral zone.
14:38 of 1st period - Snap shot by Ryan Hartman.
14:38 of 1st period - Stopped by Joni Ortio without a rebound.
14:39 of 1st period - Corey Trivino wins face-off versus Tyler Brenner in Diablos zone.
14:41 of 1st period - Minor Penalty to Tyler Pitlick for Holding.
14:42 of 1st period - Corey Trivino wins face-off versus Tyler Brenner in Diablos zone.
14:42 of 1st period - Corey Trivino is hit by Tomas Kubalik.
16:41 of 1st period - Penalty to Tyler Pitlick is over, Tyler Pitlick is back on ice.
16:52 of 1st period - Wrist shot by Jiri Sekac.
16:52 of 1st period - Shot Misses the Net.
16:54 of 1st period - Snap shot by Jiri Sekac.
16:54 of 1st period - Shot Misses the Net.
16:56 of 1st period - Snap shot by Peter Holland.
16:56 of 1st period - Shot Blocked by Reid McNeill.
17:02 of 1st period - Snap shot by Peter Holland.
17:02 of 1st period - Stopped by Ilya Sorokin with a rebound.
17:04 of 1st period - Backhand shot by Viktor Loov.
17:04 of 1st period - Deflect By Tyler Pitlick.
17:04 of 1st period - Stopped by Ilya Sorokin with a rebound.
17:06 of 1st period - Snap shot by Tyler Pitlick.
17:06 of 1st period - Stopped by Ilya Sorokin without a rebound.
17:07 of 1st period - Lucas Wallmarkk wins face-off versus Dominic Turgeon in Harfangs zone.
17:39 of 1st period - Snap shot by Peter Holland.
17:39 of 1st period - Deflect By Danton Heinen.
17:39 of 1st period - Stopped by Ilya Sorokin with a rebound.
17:43 of 1st period - Wrist shot by Adrian Kempe.
17:43 of 1st period - Stopped by Ilya Sorokin with a rebound.
18:04 of 1st period - Snap shot by Adam Gaudette.
18:04 of 1st period - Shot Misses the Net.
18:14 of 1st period - Nick Shore is hit by Jack Glover and loses puck.
18:53 of 1st period - Snap shot by Michael Bournival.
18:53 of 1st period - Deflect By Lucas Wallmarkk.
18:53 of 1st period - Shot Blocked by Viktor Loov.
18:53 of 1st period - Puck is out of play.
18:54 of 1st period - Lucas Wallmarkk wins face-off versus Adam Gaudette in Diablos zone.
18:55 of 1st period - Snap shot by Michael Bournival.
18:55 of 1st period - Stopped by Joni Ortio without a rebound.
18:56 of 1st period - Adam Gaudette wins face-off versus Lucas Wallmarkk in Diablos zone.
19:01 of 1st period - Snap shot by Sergey Tolchinsky.
19:01 of 1st period - Stopped by Ilya Sorokin with a rebound.
Goals for this period are 0 for Harfangs vs 1 for Diablos .
Shots for this period are 9 for Harfangs vs 10 for Diablos .

2nd period


0:01 of 2nd period - Peter Holland wins face-off versus Tyler Brenner in neutral zone.
0:01 of 2nd period - Peter Holland is hit by Victor Bartley.
0:18 of 2nd period - Adrian Kempe is hit by Michael Bournival and loses puck.
0:34 of 2nd period - Wrist shot by Nick Shore.
0:34 of 2nd period - Stopped by Joni Ortio without a rebound.
0:35 of 2nd period - Nick Shore wins face-off versus Corey Trivino in Diablos zone.
0:38 of 2nd period - Wrist shot by Brandon McMillan.
0:38 of 2nd period - Stopped by Joni Ortio without a rebound.
0:39 of 2nd period - Nick Shore wins face-off versus Corey Trivino in Diablos zone.
0:47 of 2nd period - Minor Penalty to Andrey Pedan for Roughing.
0:48 of 2nd period - Corey Trivino wins face-off versus Tomas Kubalik in Diablos zone.
0:58 of 2nd period - Snap shot by Michael Bournival.
0:58 of 2nd period - Shot Blocked by Dean Kukan.
1:00 of 2nd period - Backhand shot by Dylan Olsen.
1:00 of 2nd period - Shot Misses the Net.
1:02 of 2nd period - Wrist shot by Tyler Brenner.
1:02 of 2nd period - Stopped by Joni Ortio without a rebound.
1:03 of 2nd period - Tyler Brenner wins face-off versus Corey Trivino in Diablos zone.
1:12 of 2nd period - Wrist shot by Michael Bournival.
1:12 of 2nd period - Stopped by Joni Ortio without a rebound.
1:13 of 2nd period - Tyler Brenner wins face-off versus Corey Trivino in Diablos zone.
1:40 of 2nd period - Wrist shot by Michael Bournival.
1:40 of 2nd period - Shot Blocked by Dean Kukan.
1:50 of 2nd period - Brian Dumoulin is hit by Dylan Olsen and loses puck.
2:04 of 2nd period - Off-side.
2:05 of 2nd period - Peter Holland wins face-off versus Nick Shore in neutral zone.
2:14 of 2nd period - Wrist shot by Brandon McMillan.
2:14 of 2nd period - Shot Misses the Net.
2:16 of 2nd period - Wrist shot by Jake Dotchin.
2:16 of 2nd period - Shot Misses the Net.
2:18 of 2nd period - Slapshot by Jake Dotchin.
2:18 of 2nd period - Deflect By Ryan Hartman.
2:18 of 2nd period - Shot Blocked by Viktor Loov.
2:18 of 2nd period - Puck is out of play.
2:19 of 2nd period - Nick Shore wins face-off versus Corey Trivino in Diablos zone.
2:47 of 2nd period - Penalty to Andrey Pedan is over, Andrey Pedan is back on ice.
3:03 of 2nd period - Wrist shot by Adrian Kempe.
3:03 of 2nd period - Stopped by Ilya Sorokin with a rebound.
3:26 of 2nd period - Icing by Dominic Turgeon.
3:27 of 2nd period - Nick Shore wins face-off versus Adam Gaudette in Diablos zone.
3:34 of 2nd period - Wrist shot by Corey Tropp.
3:34 of 2nd period - Stopped by Ilya Sorokin with a rebound.
3:36 of 2nd period - Snap shot by Corey Tropp.
3:36 of 2nd period - Shot Blocked by Ryan Hartman.
3:38 of 2nd period - Wrist shot by Corey Tropp.
3:38 of 2nd period - Shot Misses the Net.
3:40 of 2nd period - Snap shot by Adam Gaudette.
3:40 of 2nd period - Goal by Adam Gaudette - Harfangs : 0 - Diablos : 2.
3:41 of 2nd period - Peter Holland wins face-off versus Michael Bournival in neutral zone.
3:48 of 2nd period - Slapshot by Victor Bartley.
3:48 of 2nd period - Shot Misses the Net.
3:50 of 2nd period - Slapshot by Dylan Olsen.
3:50 of 2nd period - Stopped by Joni Ortio with a rebound.
3:52 of 2nd period - Snap shot by Tyler Brenner.
3:52 of 2nd period - Deflect By Michael Bournival.
3:52 of 2nd period - Stopped by Joni Ortio with a rebound.
4:13 of 2nd period - Wrist shot by Ryan Hartman.
4:13 of 2nd period - Shot Misses the Net.
4:25 of 2nd period - Wrist shot by Morgan Klimchuk.
4:25 of 2nd period - Stopped by Joni Ortio with a rebound.
4:45 of 2nd period - Brian Dumoulin is hit by Victor Bartley and loses puck.
4:55 of 2nd period - Icing by Brian Dumoulin.
4:56 of 2nd period - Tyler Brenner wins face-off versus Adam Gaudette in Diablos zone.
5:11 of 2nd period - Wrist shot by Michael Bournival.
5:11 of 2nd period - Shot Blocked by Brian Dumoulin.
5:51 of 2nd period - Brenden Kichton is hit by Corey Trivino and loses puck.
6:02 of 2nd period - Slapshot by Jiri Sekac.
6:02 of 2nd period - Shot Blocked by Blake Heinrich.
6:12 of 2nd period - Jack Glover is hit by Sven Andrighetto and loses puck.
6:46 of 2nd period - Snap shot by Jiri Sekac.
6:46 of 2nd period - Stopped by Ilya Sorokin without a rebound.
6:47 of 2nd period - Corey Trivino wins face-off versus Nick Shore in Harfangs zone.
6:48 of 2nd period - Snap shot by Tyler Pitlick.
6:48 of 2nd period - Shot Hit the Post.
6:50 of 2nd period - Snap shot by Tyler Pitlick.
6:50 of 2nd period - Stopped by Ilya Sorokin without a rebound.
6:51 of 2nd period - Peter Holland wins face-off versus Tyler Brenner in Harfangs zone.
6:52 of 2nd period - Wrist shot by Danton Heinen.
6:52 of 2nd period - Stopped by Ilya Sorokin with a rebound.
6:54 of 2nd period - Slapshot by Andrei Mironov.
6:54 of 2nd period - Shot Misses the Net.
6:56 of 2nd period - Wrist shot by Peter Holland.
6:56 of 2nd period - Goal by Peter Holland - Harfangs : 0 - Diablos : 3.
6:57 of 2nd period - Peter Holland wins face-off versus Tyler Brenner in neutral zone.
7:02 of 2nd period - Slapshot by Peter Holland.
7:02 of 2nd period - Deflect By Tomas Kubalik.
7:02 of 2nd period - Stopped by Ilya Sorokin with a rebound.
7:04 of 2nd period - Snap shot by Andrei Mironov.
7:04 of 2nd period - Shot Blocked by Dylan Olsen.
7:11 of 2nd period - Minor Penalty to Andrey Pedan for Hooking.
7:12 of 2nd period - Tyler Pitlick wins face-off versus Tyler Brenner in Diablos zone.
7:12 of 2nd period - Tyler Pitlick is hit by Michael Bournival.
7:19 of 2nd period - Minor Penalty to Michael Bournival for Roughing.
7:20 of 2nd period - Peter Holland wins face-off versus David Kampf in Harfangs zone.
8:55 of 2nd period - Jiri Sekac is hit by Reid McNeill and loses puck.
9:02 of 2nd period - Morgan Klimchuk is hit by Jiri Sekac and loses puck.
9:11 of 2nd period - Penalty to Andrey Pedan is over, Andrey Pedan is back on ice.
9:19 of 2nd period - Penalty to Michael Bournival is over, Michael Bournival is back on ice.
9:25 of 2nd period - Wrist shot by Jiri Sekac.
9:25 of 2nd period - Deflect By Reid McNeill.
9:25 of 2nd period - Shot Blocked by Reid McNeill.
9:25 of 2nd period - Reid McNeill from Harfangs is injured at 9:25 of 2nd period (Right Leg).
9:26 of 2nd period - Peter Holland wins face-off versus Tyler Brenner in Harfangs zone.
9:27 of 2nd period - Slapshot by Adrian Kempe.
9:27 of 2nd period - Shot Blocked by Dylan Olsen.
9:29 of 2nd period - Slapshot by Peter Holland.
9:29 of 2nd period - Stopped by Ilya Sorokin without a rebound.
9:30 of 2nd period - Peter Holland wins face-off versus Tyler Brenner in Harfangs zone.
9:30 of 2nd period - Peter Holland is hit by Dylan Olsen.
9:43 of 2nd period - Minor Penalty to Victor Bartley for Hooking.
9:44 of 2nd period - Peter Holland wins face-off versus Michael Bournival in Harfangs zone.
9:52 of 2nd period - Slapshot by Brian Dumoulin.
9:52 of 2nd period - Stopped by Ilya Sorokin with a rebound.
9:54 of 2nd period - Wrist shot by Adrian Kempe.
9:54 of 2nd period - Shot Misses the Net.
9:56 of 2nd period - Slapshot by Viktor Loov.
9:56 of 2nd period - Stopped by Ilya Sorokin without a rebound.
9:57 of 2nd period - Peter Holland wins face-off versus Michael Bournival in Harfangs zone.
10:34 of 2nd period - Wrist shot by Jiri Sekac.
10:34 of 2nd period - Deflect By Tyler Pitlick.
10:34 of 2nd period - Stopped by Ilya Sorokin without a rebound.
10:35 of 2nd period - Corey Trivino wins face-off versus Tyler Brenner in Harfangs zone.
11:43 of 2nd period - Penalty to Victor Bartley is over, Victor Bartley is back on ice.
11:58 of 2nd period - Snap shot by Corey Tropp.
11:58 of 2nd period - Stopped by Ilya Sorokin with a rebound.
12:14 of 2nd period - Slapshot by Dylan Olsen.
12:14 of 2nd period - Stopped by Joni Ortio without a rebound.
12:15 of 2nd period - Corey Trivino wins face-off versus Nick Shore in Diablos zone.
13:13 of 2nd period - Snap shot by Sergey Tolchinsky.
13:13 of 2nd period - Shot Blocked by Jake Dotchin.
13:23 of 2nd period - Cristoval Nieves is hit by Corey Trivino and loses puck.
13:40 of 2nd period - Minor Penalty to Jack Glover for Hooking.
13:41 of 2nd period - Tyler Brenner wins face-off versus Corey Trivino in Diablos zone.
13:48 of 2nd period - Snap shot by Tomas Kubalik.
13:48 of 2nd period - Shot Blocked by Viktor Loov.
13:50 of 2nd period - Wrist shot by Tomas Kubalik.
13:50 of 2nd period - Deflect By Michael Bournival.
13:50 of 2nd period - Stopped by Joni Ortio with a rebound.
13:52 of 2nd period - Wrist shot by Tomas Kubalik.
13:52 of 2nd period - Deflect By Tyler Brenner.
13:52 of 2nd period - Stopped by Joni Ortio without a rebound.
13:53 of 2nd period - Tyler Brenner wins face-off versus Corey Trivino in Diablos zone.
14:23 of 2nd period - Slapshot by Jake Dotchin.
14:23 of 2nd period - Stopped by Joni Ortio with a rebound.
15:40 of 2nd period - Penalty to Jack Glover is over, Jack Glover is back on ice.
16:21 of 2nd period - Wrist shot by Dominic Turgeon.
16:21 of 2nd period - Goal by Dominic Turgeon - Harfangs : 0 - Diablos : 4.
16:22 of 2nd period - Peter Holland wins face-off versus Tyler Brenner in neutral zone.
16:49 of 2nd period - Ryan Hartman is hit by Jiri Sekac.
16:57 of 2nd period - Snap shot by Brandon McMillan.
16:57 of 2nd period - Shot Misses the Net.
17:46 of 2nd period - Ryan Hartman is hit by Peter Holland and loses puck.
18:44 of 2nd period - Dylan Olsen is hit by Jack Glover and loses puck.
18:51 of 2nd period - Wrist shot by Danton Heinen.
18:51 of 2nd period - Deflect By Adrian Kempe.
18:51 of 2nd period - Stopped by Ilya Sorokin without a rebound.
18:52 of 2nd period - Corey Trivino wins face-off versus Tyler Brenner in Harfangs zone.
18:59 of 2nd period - Snap shot by Tyler Pitlick.
18:59 of 2nd period - Stopped by Ilya Sorokin with a rebound.
19:17 of 2nd period - Brandon McMillan is hit by Adrian Kempe and loses puck.
19:31 of 2nd period - Minor Penalty to Adrian Kempe for Roughing.
19:32 of 2nd period - Tyler Brenner wins face-off versus Corey Trivino in Diablos zone.
19:36 of 2nd period - Wrist shot by Tyler Brenner.
19:36 of 2nd period - Shot Misses the Net.
19:38 of 2nd period - Backhand shot by Tomas Kubalik.
19:38 of 2nd period - Goal by Tomas Kubalik - Harfangs : 1 - Diablos : 4.
19:39 of 2nd period - Peter Holland wins face-off versus Tyler Brenner in neutral zone.
Goals for this period are 1 for Harfangs vs 3 for Diablos .
Shots for this period are 12 for Harfangs vs 16 for Diablos .

3rd period


0:01 of 3rd period - Adrian Kempe wins face-off versus Tyler Brenner in neutral zone.
0:30 of 3rd period - Snap shot by Nick Shore.
0:30 of 3rd period - Deflect By Ryan Hartman.
0:30 of 3rd period - Shot Misses the Net.
0:30 of 3rd period - Puck is out of play.
0:31 of 3rd period - Corey Trivino wins face-off versus Nick Shore in Diablos zone.
0:31 of 3rd period - Corey Trivino is hit by Nick Shore.
0:34 of 3rd period - Minor Penalty to Jiri Sekac for Roughing.
0:35 of 3rd period - Tyler Brenner wins face-off versus Corey Trivino in Diablos zone.
1:32 of 3rd period - Minor Penalty to Rinat Valiev for Elbowing.
1:33 of 3rd period - Michael Bournival wins face-off versus Peter Holland in Harfangs zone.
1:48 of 3rd period - Wrist shot by Tomas Kubalik.
1:48 of 3rd period - Stopped by Joni Ortio without a rebound.
1:49 of 3rd period - Michael Bournival wins face-off versus Peter Holland in Diablos zone.
2:00 of 3rd period - Snap shot by Tomas Kubalik.
2:00 of 3rd period - Shot Blocked by Viktor Loov.
2:34 of 3rd period - Penalty to Jiri Sekac is over, Jiri Sekac is back on ice.
2:59 of 3rd period - Wrist shot by Jiri Sekac.
2:59 of 3rd period - Shot Blocked by Jake Dotchin.
3:01 of 3rd period - Backhand shot by Jiri Sekac.
3:01 of 3rd period - Stopped by Ilya Sorokin with a rebound.
3:13 of 3rd period - Wrist shot by Jiri Sekac.
3:13 of 3rd period - Stopped by Ilya Sorokin without a rebound.
3:14 of 3rd period - Michael Bournival wins face-off versus Peter Holland in Harfangs zone.
3:24 of 3rd period - Minor Penalty to Tomas Kubalik for Hooking.
3:25 of 3rd period - Peter Holland wins face-off versus Michael Bournival in Harfangs zone.
3:26 of 3rd period - Slapshot by Adrian Kempe.
3:26 of 3rd period - Shot Blocked by Dylan Olsen.
3:28 of 3rd period - Snap shot by Peter Holland.
3:28 of 3rd period - Shot Blocked by Victor Bartley.
3:30 of 3rd period - Slapshot by Andrei Mironov.
3:30 of 3rd period - Deflect By Dylan Olsen.
3:30 of 3rd period - Stopped by Ilya Sorokin with a rebound.
3:32 of 3rd period - Penalty to Rinat Valiev is over, Rinat Valiev is back on ice.
3:38 of 3rd period - Wrist shot by Adrian Kempe.
3:38 of 3rd period - Shot Misses the Net.
5:12 of 3rd period - Victor Bartley is hit by Peter Holland and loses puck.
5:24 of 3rd period - Penalty to Tomas Kubalik is over, Tomas Kubalik is back on ice.
5:38 of 3rd period - Minor Penalty to Corey Tropp for Hooking.
5:39 of 3rd period - Nick Shore wins face-off versus Corey Trivino in Diablos zone.
5:39 of 3rd period - Slapshot by Brandon McMillan.
5:39 of 3rd period - Stopped by Joni Ortio without a rebound.
5:40 of 3rd period - Nick Shore wins face-off versus Corey Trivino in Diablos zone.
5:51 of 3rd period - Snap shot by Viktor Loov.
5:51 of 3rd period - Stopped by Ilya Sorokin without a rebound.
5:52 of 3rd period - Tyler Brenner wins face-off versus Corey Trivino in Harfangs zone.
6:01 of 3rd period - Backhand shot by Tomas Kubalik.
6:01 of 3rd period - Stopped by Joni Ortio without a rebound.
6:02 of 3rd period - Corey Trivino wins face-off versus Tyler Brenner in Diablos zone.
6:35 of 3rd period - Slapshot by Nick Shore.
6:35 of 3rd period - Shot Blocked by Brian Dumoulin.
6:37 of 3rd period - Slapshot by Ryan Hartman.
6:37 of 3rd period - Shot Misses the Net.
6:39 of 3rd period - Slapshot by Ryan Hartman.
6:39 of 3rd period - Stopped by Joni Ortio without a rebound.
6:40 of 3rd period - Tyler Brenner wins face-off versus Corey Trivino in Diablos zone.
6:45 of 3rd period - Wrist shot by Tomas Kubalik.
6:45 of 3rd period - Stopped by Joni Ortio with a rebound.
6:47 of 3rd period - Slapshot by Jake Dotchin.
6:47 of 3rd period - Stopped by Joni Ortio without a rebound.
6:48 of 3rd period - Corey Trivino wins face-off versus Tyler Brenner in Diablos zone.
7:38 of 3rd period - Penalty to Corey Tropp is over, Corey Tropp is back on ice.
8:16 of 3rd period - Minor Penalty to Michael Bournival for Holding.
8:17 of 3rd period - Peter Holland wins face-off versus Laurent Dauphin in Harfangs zone.
8:26 of 3rd period - Icing by Peter Holland.
8:27 of 3rd period - Peter Holland wins face-off versus Laurent Dauphin in Diablos zone.
8:27 of 3rd period - Peter Holland is hit by Tomas Kubalik.
8:35 of 3rd period - Slapshot by Peter Holland.
8:35 of 3rd period - Deflect By Adrian Kempe.
8:35 of 3rd period - Shot Misses the Net.
8:35 of 3rd period - Puck is out of play.
8:36 of 3rd period - Laurent Dauphin wins face-off versus Peter Holland in Harfangs zone.
10:16 of 3rd period - Penalty to Michael Bournival is over, Michael Bournival is back on ice.
10:29 of 3rd period - Nick Shore is hit by Corey Tropp and loses puck.
10:47 of 3rd period - Icing by Brian Dumoulin.
10:48 of 3rd period - Lucas Wallmarkk wins face-off versus Dominic Turgeon in Diablos zone.
11:15 of 3rd period - Snap shot by Jakub Vrana.
11:15 of 3rd period - Shot Misses the Net.
11:17 of 3rd period - Snap shot by Ty Rattie.
11:17 of 3rd period - Shot Blocked by Brenden Kichton.
11:35 of 3rd period - Jakub Vrana is hit by Michael Bournival and loses puck.
12:22 of 3rd period - Snap shot by Ty Rattie.
12:22 of 3rd period - Stopped by Ilya Sorokin with a rebound.
12:24 of 3rd period - Snap shot by Jakub Vrana.
12:24 of 3rd period - Shot Misses the Net.
12:26 of 3rd period - Snap shot by Jakub Vrana.
12:26 of 3rd period - Stopped by Ilya Sorokin without a rebound.
12:27 of 3rd period - Nick Shore wins face-off versus Peter Holland in Harfangs zone.
12:54 of 3rd period - Cristoval Nieves is hit by Jiri Sekac and loses puck.
13:25 of 3rd period - Slapshot by Tyler Brenner.
13:25 of 3rd period - Stopped by Joni Ortio without a rebound.
13:26 of 3rd period - Peter Holland wins face-off versus David Kampf in Diablos zone.
14:50 of 3rd period - Sven Andrighetto is hit by Jiri Sekac and loses puck.
15:16 of 3rd period - Mark Alt is hit by Jack Glover and loses puck.
15:45 of 3rd period - Tomas Kubalik is hit by Brian Dumoulin and loses puck.
16:16 of 3rd period - Snap shot by Michael Bournival.
16:16 of 3rd period - Shot Blocked by Jiri Sekac.
16:18 of 3rd period - Wrist shot by Sven Andrighetto.
16:18 of 3rd period - Shot Blocked by Dean Kukan.
16:20 of 3rd period - Slapshot by Blake Heinrich.
16:20 of 3rd period - Shot Misses the Net.
16:22 of 3rd period - Slapshot by Blake Heinrich.
16:22 of 3rd period - Stopped by Joni Ortio without a rebound.
16:23 of 3rd period - Peter Holland wins face-off versus Cristoval Nieves in Diablos zone.
16:34 of 3rd period - Icing by Sven Andrighetto.
16:35 of 3rd period - Peter Holland wins face-off versus Cristoval Nieves in Harfangs zone.
16:54 of 3rd period - Slapshot by Morgan Klimchuk.
16:54 of 3rd period - Shot Hit the Post.
16:56 of 3rd period - Wrist shot by Morgan Klimchuk.
16:56 of 3rd period - Shot Misses the Net.
16:58 of 3rd period - Snap shot by Victor Bartley.
16:58 of 3rd period - Shot Blocked by Adrian Kempe.
17:00 of 3rd period - Snap shot by Victor Bartley.
17:00 of 3rd period - Stopped by Joni Ortio with a rebound.
17:02 of 3rd period - Snap shot by Victor Bartley.
17:02 of 3rd period - Deflect By Sven Andrighetto.
17:02 of 3rd period - Shot Misses the Net.
17:02 of 3rd period - Puck is out of play.
17:03 of 3rd period - Corey Trivino wins face-off versus Nick Shore in Diablos zone.
17:33 of 3rd period - Slapshot by Corey Tropp.
17:33 of 3rd period - Shot Misses the Net.
17:35 of 3rd period - Slapshot by Andrey Pedan.
17:35 of 3rd period - Shot Misses the Net.
17:37 of 3rd period - Slapshot by Andrey Pedan.
17:37 of 3rd period - Stopped by Ilya Sorokin with a rebound.
17:39 of 3rd period - Snap shot by Sergey Tolchinsky.
17:39 of 3rd period - Shot Misses the Net.
17:41 of 3rd period - Snap shot by Sergey Tolchinsky.
17:41 of 3rd period - Stopped by Ilya Sorokin with a rebound.
18:53 of 3rd period - Morgan Klimchuk is hit by Sergey Tolchinsky and loses puck.
19:43 of 3rd period - Minor Penalty to Jakub Vrana for Interference.
19:44 of 3rd period - Tyler Brenner wins face-off versus Corey Trivino in Diablos zone.
19:49 of 3rd period - Slapshot by Rinat Valiev.
19:49 of 3rd period - Shot Blocked by Corey Trivino.
19:51 of 3rd period - Snap shot by Tomas Kubalik.
19:51 of 3rd period - Shot Misses the Net.
19:53 of 3rd period - Wrist shot by Michael Bournival.
19:53 of 3rd period - Goal by Michael Bournival - Harfangs : 2 - Diablos : 4.
19:54 of 3rd period - Adam Gaudette wins face-off versus Cristoval Nieves in neutral zone.
Goals for this period are 1 for Harfangs vs 0 for Diablos .
Shots for this period are 10 for Harfangs vs 8 for Diablos .